AoeStats
← Pwncakes

Black Forest

510545336Analyzed
2v2 RM · 17h ago on Oct 1, 2026· 40m 27s· 4 players
Game mode
Random Map
Map size
Medium (4 player)
Population
200
Speed
Normal
Resources
Standard
Victory
Conquest
Starting age
Dark Age
Ending age
Imperial Age
RankedLock teamsTeams togetherTeam positionsShared explorationLock speedFull tech treeHidden civsTurbo modeCheats
Victory
Defeat
🇦🇷 Persians · Argentina
1315
+15
🇩🇪 Saxons · Germany
1314
+15
🇺🇸 Jurchens · United States
1291
-15
🇨🇳 Koreans · China
1283
-15
Pwncakes
0:47 Loom
10:53 Feudal Age
11:44 Town Watch
15:20 Castle Age
14:47 Double-Bit Axe
16:52 Bow Saw
18:06 Wheelbarrow
17:57 Scale Barding Armor
18:09 Horse Collar
24:53 Heavy Plow
25:56 Hand Cart
26:28 Stone Mining
26:47 Gold Mining
28:09 Fletching
脱缰野马
1:32 Loom
11:52 Feudal Age
15:51 Castle Age
14:04 Double-Bit Axe
26:46 Horse Collar
27:22 Fletching
31:02 Wheelbarrow
30:39 Bow Saw
39:06 Heavy Plow
Cuntmachine
0:47 Loom
11:00 Feudal Age
15:20 Castle Age
14:08 Double-Bit Axe
16:43 Gold Mining
16:44 Stone Mining
17:48 Wheelbarrow
20:23 Forging
25:08 Town Watch
27:51 Iron Casting
27:16 Scale Mail Armor
30:05 Elite Skirmisher
36:47 Imperial Age
35:20 Fletching
35:31 Padded Archer Armor
37:28 Horse Collar
38:08 Bow Saw
39:06 Hand Cart
38:51 Town Patrol
39:02 Capped Ram
40:16 Heavy Plow
40:31 Bodkin Arrow
King Nothing
11:30 Feudal Age
12:14 Double-Bit Axe
12:33 Double-Bit Axe
15:45 Loom
20:23 Castle Age
20:13 Stone Mining
27:02 Wheelbarrow
28:13 Bow Saw
27:45 Horse Collar
31:13 Hand Cart
31:35 Town Watch
38:55 Imperial Age
36:31 Gold Mining
37:49 Gold Shaft Mining
38:22 Scale Barding Armor
39:23 Chain Barding Armor
39:48 Conscription
40:07 Fletching
Connection lost

Rejoining the realm…

Still unreachable

The connection could not be restored.

Session expired

The server has moved on; the page needs a fresh start.